 Dungeon Crawl Stone Soup version 0.17.0-7-gfadd4cc (webtiles) character file.

69 tp1 the Conjurer (level 4, -3/24 HPs)
             Began as a Deep Elf Conjurer on Nov 8, 2015.
             Slain by an orc wizard
             ... wielding a +3 dagger
              (5 damage)
             ... on level 3 of the Dungeon.
             The game lasted 00:05:11 (1673 turns).

tp1 the Conjurer (Deep Elf Conjurer)                Turns: 1673, Time: 00:05:12

Health: -3/24      AC:  2    Str: 10      XL:     4   Next: 2%
Magic:  1/13       EV: 13    Int: 17 (21) God:
Gold:   84         SH:  0    Dex: 15      Spells: 2 memorised, 10 levels left

rFire  . . .     SeeInvis .     d - +0 short sword
rCold  . . .     Clarity  .     a - +0 robe
rNeg   . . .     SustAt   .     (no shield)
rPois  .         Gourm    .     (no helmet)
rElec  .         Spirit   .     (no cloak)
rCorr  .         Warding  .     (no gloves)
rMut   .         Stasis   .     (no boots)
MR     .....                    o - amulet of faith
Stlth  +.........               (no ring)
                                (no ring)

@: confused, mighty, not resistant to hostile enchantments, very unstealthy
A: no striking features
a: no special abilities


You were on level 3 of the Dungeon.
You were not hungry.

You visited 1 branch of the dungeon, and saw 3 of its levels.

You collected 84 gold pieces.

Inventory:

Hand Weapons
 d - a +0 short sword (weapon)
Armour
 a - a +0 robe (worn)
Jewellery
 o - an amulet of faith (around neck)
Scrolls
 f - 5 scrolls of identify {unknown}
 h - a scroll of enchant weapon {unknown}
 k - 2 scrolls of enchant armour {unknown}
Potions
 e - a potion of might
 i - a potion of brilliance {unknown}
 l - 2 potions of curing {unknown}
 m - 2 potions of invisibility {unknown}
 n - a potion of resistance {unknown}
Books
 b - a book of Conjurations

   Spells                             Type                      Level
   a - Magic Dart                     Conjuration                  1
   b - Searing Ray                    Conjuration                  2
   c - Dazzling Spray                 Conjuration/Hexes            3
   d - Fulminant Prism                Conjuration/Hexes            4
   e - Iskenderun's Mystic Blast      Conjuration                  4
   f - Iskenderun's Battlesphere      Conjuration/Charms           5
Comestibles
 c - 3 bread rations
 j - 5 meat rations
 p - a slice of pizza
 q - a chunk of flesh


   Skills:
 - Level 2.4 Dodging
 - Level 2.4 Stealth
 - Level 5.0 Spellcasting
 + Level 5.1 Conjurations


You had 10 spell levels left.
You knew the following spells:

 Your Spells              Type           Power        Failure   Level  Hunger
a - Magic Dart            Conj           ###.         1%          1    None
b - Searing Ray           Conj           ###...       2%          2    #......


Dungeon Overview and Level Annotations

Branches:
Dungeon (3/15)

Altars:
Okawaru


Message History

The orc hits you from afar with a trident.
You closely miss the orc wizard. The orc hits you with a hand axe.
* * * LOW HITPOINT WARNING * * *
The orc wizard gestures wildly while chanting.
The orc wizard flickers and vanishes!
Deactivating autopickup; reactivate with Ctrl-A.
The orc barely misses you.
Drink which item? (? for menu, Esc to quit)
It was a potion of might.
You feel very mighty all of a sudden. The orc hits you with a hand axe.
* * * LOW HITPOINT WARNING * * *
You hear some strange, mumbled words.
You are more confused.
Drink which item? (? for menu, Esc to quit)
It was a potion of degeneration.
There was something very wrong with that liquid.
You feel dopey. The orc completely misses you. The orc barely misses you.
Something hits you.
You die...

#.# ..# #.# #.# ...
#.. #.. ..# ..## ##%#
##.####..# .# ##
##..... ..##### ..
##.. #..#.####......
?. #....
####.#..#....## #..
......#o......รท.##..#
....)o{@...#.######.#
......##.....# #.#
<.... #..####
####.#### .... #..#
#........ ... ####
##.##..### .>
#######..###..# #
........#####.#
##.........# .##
...#######.##..#


You could see 2 orcs.

Vanquished Creatures
  An orc priest (D:3)
  4 giant geckos
  An orc (D:3)
  5 bats
  2 giant cockroaches (D:1)
  4 hobgoblins (D:1)
  3 jackals (D:2)
  A kobold (D:1)
  2 giant newts
  7 goblins
  4 rats
34 creatures vanquished.

Vanquished Creatures (others)
  A kobold (D:1)
1 creature vanquished.

Grand Total: 35 creatures vanquished

Notes
Turn   | Place    | Note
--------------------------------------------------------------
     0 | D:1      | tp1 the Deep Elf Conjurer began the quest for the Orb.
     0 | D:1      | Reached XP level 1. HP: 10/10 MP: 6/6
   243 | D:1      | Reached XP level 2. HP: 15/15 MP: 5/8
   522 | D:1      | Learned a level 2 spell: Searing Ray
  1298 | D:2      | Found an iron altar of Okawaru.
  1336 | D:2      | Reached XP level 3. HP: 17/19 MP: 7/11
  1343 | D:2      | Reached skill level 5 in Spellcasting
  1663 | D:3      | Reached skill level 5 in Conjurations
  1666 | D:3      | Reached XP level 4. HP: 24/24 MP: 1/13
  1673 | D:3      | Slain by an orc wizard

Action                   |  1- 3 |  4- 6 || total
-------------------------+-------+-------++-------
Melee: Short sword       |       |     3 ||     3
 Cast: Magic Dart        |    49 |       ||    49
       Searing Ray       |     4 |       ||     4
  Use: Potion            |       |     2 ||     2
  Eat: Chunk             |     2 |       ||     2
